 Dungeon Sprint DCSS version 0.21.2 (webtiles) character file.

2400000 Fang the Conqueror (level 18, -1/182 HPs)
             Began as a Demonspawn Gladiator on Feb 7, 2019.
             Was an Elder of Makhleb.
             Slain by a bag of meat
             ... wielding a +9 war axe
              (9 damage)
             ... in the Dungeon (Sprint VIII: "Arena of Blood").
             The game lasted 00:00:36 (24 turns).

Fang the Conqueror (Demonspawn Gladiator)             Turns: 24, Time: 00:00:36

Health: -1/182     AC:  3    Str: 21    XL:     18   Next: 15%
Magic:  18/18      EV: 32    Int: 10    God:    Makhleb [****..]
Gold:   0          SH:  0    Dex: 16    Spells: 17/17 levels left

rFire    . . .     SeeInvis .   l - +∞ Axe of Woe
rCold    . . .     Gourm    .   (shield currently unavailable)
rNeg     . . .     Faith    .   b - +0 leather armour
rPois    .         Spirit   .   (helmet restricted)
rElec    .         Reflect  .   (no cloak)
rCorr    .         Harm     .   (no gloves)
MR       +....     NoTele   +   (no boots)
Stlth    +++.......             (no amulet)
HPRegen  0.40/turn              (no ring)
MPRegen  0.16/turn              (no ring)

@: no status effects
A: horns 2, foul stench 1, nightstalker 2, rot immunity, sturdy frame 3
a: Minor Destruction, Lesser Servant of Makhleb, Major Destruction, Renounce
Religion


You were in the Dungeon.
You worshipped Makhleb.
Makhleb was greatly pleased with you.
You were not hungry.

You visited 1 branch

Inventory:

Hand Weapons
 a - a +0 war axe
 l - the +∞ Axe of Woe (weapon)
   (You found it in the Dungeon)
Missiles
 d - 3 throwing nets (quivered)
Armour
 b - a +0 leather armour (worn)
 c - a +0 helmet
Scrolls
 k - a scroll of blinking
Potions
 e - a potion of curing
 g - a potion of heal wounds
 h - a potion of haste
 i - 2 potions of magic
 j - a potion of berserk rage
Comestibles
 f - a ration


   Skills:
 O Level 27 Fighting
 + Level 26.3 Axes
 + Level 26.3 Throwing
 + Level 26.3 Dodging


You had 17 spell levels left.
You didn't know any spells.

Dungeon Overview and Level Annotations

Branches:
Dungeon (1/1)

Altars:
Makhleb


Innate Abilities, Weirdness & Mutations

You have a pair of horns on your head.
You may emit foul miasma when damaged in melee.
You are significantly more attuned to the shadows.
You are immune to rotting.
Your movements are significantly less encumbered by armour. (ER -6)


Message History

Makhleb accepts your kill.
Your Axes skill increases to level 26!
Your Throwing skill increases to level 26!
Your Dodging skill increases to level 26!
You have reached level 18!
Your experience leads to an increase in your attributes!
Increase (S)trength, (I)ntelligence, or (D)exterity?
You feel stronger.
Your demonic ancestry asserts itself...
You feel less encumbered by your armour.
You hear a shout! x6
A meat berserker comes into view. It is wielding a +9 battleaxe.
You hear a shout! x2
The large bag of meat completely misses you.
The large bag of meat hits you with a +9 giant spiked club!!!!
Ouch! That really hurt!
* * * LOW HITPOINT WARNING * * *
You emit a cloud of foul miasma!
You hear a shout! x2
The bag of meat hits you with a +9 war axe!
You die...

. #... ..# .
..###... ..###..
......###......
...V.._.......
#.....# ...
#_.<)_#.O..
..#..)).#...O
......_))......
......###@).....
..###.....Oo###..
. #.....o.# .
#.......#
.......oo
.........


You could see a destroyer (wandering), a large bag of meat (inner flame), 2 meat
berserkers and 4 bags of meat.

Vanquished Creatures
  4 ogres (D)
  8 orcs (D)
12 creatures vanquished.

Notes
Turn   | Place    | Note
-------+----------+-------------------------------------------
     0 | D        | Found the +∞ Axe of Woe
     0 | D        | Fang the Demonspawn Gladiator began the quest for the Orb.
     0 | D        | Reached XP level 1. HP: 16/16 MP: 1/1
     3 | D        | Noticed a bag of meat
     4 | D        | Became a worshipper of Makhleb the Destroyer
     6 | D        | Noticed a bag of meat
     7 | D        | Noticed a bag of meat
    10 | D        | Noticed a bag of meat
    11 | D        | Noticed a bag of meat
    12 | D        | Noticed a bag of meat
    12 | D        | Killed a bag of meat
    12 | D        | Reached skill level 14 in Fighting
    12 | D        | Gained mutation: You are slightly more attuned to the shadows. [demonic ancestry]
    12 | D        | Reached XP level 2. HP: 43/43 MP: 2/2
    12 | D        | Reached XP level 3. HP: 49/49 MP: 3/3
    12 | D        | Gained mutation: You are immune to rotting. [demonic ancestry]
    12 | D        | Reached XP level 4. HP: 56/56 MP: 4/4
    12 | D        | Reached XP level 5. HP: 62/62 MP: 5/5
    12 | D        | Gained mutation: You may emit foul miasma when damaged in melee. [demonic ancestry]
    12 | D        | Reached XP level 6. HP: 69/69 MP: 6/6
    12 | D        | Reached XP level 7. HP: 75/75 MP: 7/7
    12 | D        | Gained mutation: Your movements are slightly less encumbered by armour. (ER -2) [demonic ancestry]
    12 | D        | Reached XP level 8. HP: 82/82 MP: 8/8
    12 | D        | Gained mutation: Your movements are less encumbered by armour. (ER -4) [demonic ancestry]
    12 | D        | Reached XP level 9. HP: 88/88 MP: 9/9
    12 | D        | Reached XP level 10. HP: 95/95 MP: 10/10
    12 | D        | Gained mutation: You have a pair of small horns on your head. [demonic ancestry]
    12 | D        | Reached XP level 11. HP: 101/101 MP: 11/11
    13 | D        | Killed a bag of meat
    13 | D        | Reached * piety under Makhleb
    13 | D        | Reached skill level 16 in Fighting
    13 | D        | Reached skill level 15 in Axes
    13 | D        | Reached skill level 15 in Throwing
    13 | D        | Reached skill level 15 in Dodging
    13 | D        | Reached XP level 12. HP: 78/113 MP: 12/12
    14 | D        | Noticed a bag of meat
    14 | D        | Noticed a bag of meat
    14 | D        | Killed a bag of meat
    14 | D        | Reached skill level 18 in Fighting
    14 | D        | Reached XP level 13. HP: 85/122 MP: 13/13
    15 | D        | Noticed a bag of meat
    16 | D        | Noticed a meat berserker
    16 | D        | Noticed a bag of meat
    16 | D        | Noticed a meat berserker
    16 | D        | Killed a bag of meat
    16 | D        | Reached skill level 19 in Fighting
    16 | D        | Gained mutation: You have a pair of horns on your head. [demonic ancestry]
    16 | D        | Reached XP level 14. HP: 93/133 MP: 14/14
    17 | D        | Noticed a meat berserker
    17 | D        | Noticed a meat berserker
    17 | D        | Killed a bag of meat
    17 | D        | Reached ** piety under Makhleb
    17 | D        | Reached skill level 20 in Fighting
    18 | D        | Noticed a bag of meat
    18 | D        | Killed a bag of meat
    18 | D        | Reached skill level 21 in Fighting
    18 | D        | Gained mutation: You are significantly more attuned to the shadows. [demonic ancestry]
    18 | D        | Reached XP level 15. HP: 124/144 MP: 15/15
    18 | D        | Reached skill level 22 in Fighting
    19 | D        | Killed a meat berserker
    19 | D        | Reached *** piety under Makhleb
    19 | D        | Reached skill level 23 in Fighting
    19 | D        | Reached XP level 16. HP: 157/157 MP: 16/16
    19 | D        | Killed a meat berserker
    19 | D        | Reached skill level 24 in Fighting
    20 | D        | Noticed a large bag of meat
    21 | D        | Killed a meat berserker
    21 | D        | Reached skill level 26 in Fighting
    21 | D        | Reached XP level 17. HP: 150/171 MP: 17/17
    23 | D        | Noticed a large bag of meat
    23 | D        | Killed a meat berserker
    23 | D        | Reached **** piety under Makhleb
    23 | D        | Reached skill level 27 in Fighting
    23 | D        | Gained mutation: Your movements are significantly less encumbered by armour. (ER -6) [demonic ancestry]
    23 | D        | Reached XP level 18. HP: 110/182 MP: 18/18
    24 | D        | Noticed a meat berserker
    24 | D        | HP: 8/182 [large bag of meat/+9 giant spiked club (103)]
    24 | D        | Slain by a bag of meat

Skill      XL: |  1  2  3  4  5  6  7  8  9 10 11 12 13 14 15 16 17 |
---------------+----------------------------------------------------+-----
Fighting       | 14 16 18 19 21 23 26 27 | 27.0
Axes           | 13 15 17 18 19 22 24 26 | 26.3
Throwing       | 13 15 16 18 19 21 24 26 | 26.3
Dodging        | 13 15 17 18 19 22 24 26 | 26.3

Action                   |  1- 3 |  4- 6 |  7- 9 | 10-12 | 13-15 | 16-18 || total
-------------------------+-------+-------+-------+-------+-------+-------++-------
Melee: Executioner's axe |     1 |       |       |     2 |     4 |     2 ||     9
Dodge: Dodged            |       |       |       |       |       |     2 ||     2
